 Dungeon Crawl Stone Soup version 0.26.1-10-gdfb7c7de75 (webtiles) character file.

Game seed: 5552566430077756360

9599 tardwrangler69 the Cleaver (level 11, -2/99 HPs)
             Began as a Minotaur Fighter on Apr 2, 2021.
             Was a High Priest of Okawaru.
             Slain by Jorgrun
             ... wielding a +0 vorpal quarterstaff
              (15 damage)
             ... on level 12 of the Dungeon.
             The game lasted 00:09:06 (9931 turns).

tardwrangler69 the Cleaver (Minotaur Fighter)       Turns: 9931, Time: 00:09:06

Health: -2/99      AC: 17    Str: 25    XL:     11   Next: 25%
Magic:  10/10      EV:  4    Int: 10    God:    Okawaru [*****.]
Gold:   481        SH: 12    Dex: 12    Spells: 10/10 levels left

rFire    + . .     SeeInvis +   A - +6 war axe (freeze)
rCold    + . .     Faith    .   J - +0 kite shield of Jennobud {rPois Int+3 Dex+3}
rNeg     . . .     Spirit   .   F - +3 chain mail of Fiub Eri {+Inv rElec}
rPois    +         Reflect  .   (helmet restricted)
rElec    +         Harm     .   s - +0 cloak
rCorr    .         Rampage  .   (no gloves)
Will     .....                  H - +0 pair of boots (curse)
Stlth    ..........             (no amulet)
HPRegen  0.26/turn              p - ring of protection from cold
MPRegen  0.12/turn              x - ring of Qazlal's Vengeance {*Drain rPois rF+ Int+2 SInv}

@: mighty, grasped by roots, constricted
A: retaliatory headbutt, horns 2
a: Renounce Religion, Evoke Invisibility, Heroism, Finesse


You were on level 12 of the Dungeon.
You worshipped Okawaru.
Okawaru was extremely pleased with you.
You visited 2 branches of the dungeon, and saw 13 of its levels.

You collected 481 gold pieces.

Inventory:

Hand Weapons
 A - a +6 war axe of freezing (weapon)
Armour
 s - a +0 cloak (worn)
 F - the +3 chain mail of Fiub Eri (worn) {+Inv rElec}
   (You found it on level 8 of the Dungeon)

   It insulates you from electricity.
   It lets you turn invisible.
 H - a cursed +0 pair of boots (worn)
 J - the +0 kite shield of Jennobud (worn) {rPois Int+3 Dex+3}
   (You found it on level 8 of the Dungeon)

   It affects your intelligence (+3).
   It affects your dexterity (+3).
   It protects you from poison.
Jewellery
 a - a cursed ring of ice {unknown}
 c - a cursed ring of poison resistance {unknown}
 p - a ring of protection from cold (left hand)
 v - an uncursed ring of ice {unknown}
 x - the ring of Qazlal's Vengeance (right hand) {*Drain rPois rF+ Int+2 SInv}
   (You found it on level 6 of the Dungeon)

   [ring of see invisible]

   It affects your intelligence (+2).
   It protects you from fire.
   It protects you from poison.
   It lets you see invisible.
   It causes draining when unequipped.
 D - an uncursed ring of willpower {unknown}
 G - a cursed amulet of inaccuracy {unknown}
 I - the ring of Mistrust {rElec rF++ Dex-4 Stlth+}
   (You took it off a deep elf archer on level 8 of the Dungeon)

   [ring of stealth]

   It affects your dexterity (-4).
   It greatly protects you from fire.
   It insulates you from electricity.
   It makes you more stealthy.
Wands
 n - a wand of acid (5)
 y - a wand of enslavement (14)
 B - a wand of paralysis (9)
 M - a wand of iceblast (9)
Scrolls
 b - a scroll of silence {unknown}
 e - 5 scrolls of fog
 f - 2 scrolls of enchant weapon
 g - 9 scrolls of remove curse
 h - 3 scrolls of blinking {unknown}
 i - 4 scrolls of fear {unknown}
 j - 4 scrolls of identify {unknown}
 k - 5 scrolls of teleportation {unknown}
 l - 3 scrolls of magic mapping {unknown}
 r - a scroll of enchant armour {unknown}
 E - a scroll of amnesia {unknown}
 L - a scroll of immolation {unknown}
Potions
 m - 2 potions of heal wounds {unknown}
 o - a potion of flight {unknown}
 q - a potion of mutation {unknown}
 t - 2 potions of degeneration {unknown}
 u - 4 potions of brilliance {unknown}
 w - a potion of attraction {unknown}
 z - a potion of invisibility {unknown}
 C - 2 potions of curing {unknown}
 K - a potion of magic {unknown}
 N - 2 potions of lignification {unknown}


   Skills:
 + Level 10.1 Fighting
 * Level 13.1 Axes
 + Level 10.1 Armour
 + Level 10.2 Shields


You had 10 spell levels left.
You didn't know any spells.
Your spell library contained the following spells:

 Spells                   Type           Power        Failure   Level
 Animate Skeleton         Necr           0%           98%         1
 Apportation              Tloc           0%           98%         1
 Beastly Appendage        Tmut           0%           98%         1
 Corona                   Hex            0%           98%         1
 Summon Small Mammal      Summ           0%           98%         1
 Call Imp                 Summ           0%           99%         2
 Wereblood                Tmut           0%           99%         2
 Call Canine Familiar     Summ           0%           100%        3
 Confusing Touch          Hex            0%           100%        3
 Gell's Gravitas          Tloc           0%           100%        3
 Inner Flame              Hex/Fire       0%           100%        3
 Spider Form              Tmut/Pois      0%           100%        3
 Summon Guardian Golem    Hex/Summ       0%           100%        3
 Ice Form                 Ice/Tmut       0%           100%        4
 Iskenderun's Mystic Bla  Conj/Tloc      0%           100%        4
 Petrify                  Tmut/Erth      0%           100%        4
 Summon Ice Beast         Ice/Summ       0%           100%        4
 Summon Lightning Spire   Summ/Air       0%           100%        4
 Blade Hands              Tmut           0%           100%        5
 Metabolic Englaciation   Hex/Ice        0%           100%        5
 Silence                  Hex/Air        0%           100%        5
 Yara's Violent Unravell  Hex/Tmut       0%           100%        5
 Disjunction              Tloc           0%           100%        8


Dungeon Overview and Level Annotations

Branches:
Dungeon (13/15)            Temple (1/1) D:6
   Lair: D:8-11         Orc: D:9-12      Vaults: D:13-14

Altars:
Ashenzari
Cheibriados
Dithmenos
Elyvilon
Fedhas
Gozag
Hepliaklqana
Kikubaaqudgha
Makhleb
Nemelex Xobeh
Okawaru
Qazlal
Ru
Sif Muna
Trog
Uskayaw
Vehumet
Wu Jian
Xom
Yredelemnul
Zin
The Shining One

Shops:
D:5 (   D:9 }   D:10 =}

Annotations:
D:7 exclusion: upstairs
D:12 Jorgrun


Innate Abilities, Weirdness & Mutations

You reflexively headbutt those who attack you in melee.
You have a pair of horns on your head.


Message History

Jorgrun hits you with a +0 vorpal quarterstaff.
* * * LOW HITPOINT WARNING * * *
x3 The grasping roots constrict you!
You miss Jorgrun. Your headbutt misses Jorgrun. You hit the orc.
You freeze the orc.
You kill the orc!
Okawaru accepts your kill.
You slash the manticore! You freeze the manticore.
You closely miss the orc wizard. The manticore completely misses you.
You block the manticore's attack. x2; You block the orc wizard's attack.
You closely miss Jorgrun. You headbutt Jorgrun!!
Jorgrun is lightly wounded.
You slash the orc! You freeze the orc.
You kill the orc!
Okawaru accepts your kill.
You slice the manticore!! You freeze the manticore. You hit the orc wizard.
You freeze the orc wizard.
You carefully extract the barbed spikes from your body.
You block Jorgrun's attack.
You die...

#....##......#.#####.#
+....'..######....>..#
#....#### ###'#####
#....# ##..# #....#
#..## ##+### #.## #.#
##'####### #.@o....^#
#H)g....!# +....=...#
#........# #........#
#........# #........#
#........#


You could see Jorgrun, a manticore and an orc wizard.

Vanquished Creatures
  Azrael (D:12)
  A two-headed ogre (D:9)
  A deep elf archer (D:8)
  Pikel (D:5)
  A cyclops (D:13)
  A centaur zombie (D:13)
  Joseph (D:9)
  2 centaur skeletons
  A gargoyle (D:13)
  A yaktaur (D:8)
  A hornet (D:8)
  A vampire (D:13)
  4 fire elementals (D:12)
  2 acid dragons (D:13)
  A water moccasin (D:12)
  4 hell hounds (D:12)
  5 orc warriors
  A sky beast (D:8)
  A phantom (D:13)
  5 ogres
  A black bear (D:9)
  2 centaurs
  2 lemures (D:5)
  A big kobold (D:9)
  4 bullfrogs
  2 scorpions (D:9)
  3 killer bees (D:13)
  3 wights (D:7)
  A howler monkey (D:5)
  2 bullfrog zombies
  A crimson imp (D:7)
  6 hounds
  A bullfrog skeleton (D:5)
  A jelly (D:5)
  5 orc priests
  4 orc wizards
  5 iguanas
  Terence (D:2)
  6 worker ants
  4 hound skeletons
  A worker ant zombie (D:7)
  9 adders
  4 gnolls (D:9)
  2 shadow imps (D:6)
  5 white imps
  An ufetubus (D:5)
  An ooze (D:3)
  An adder zombie (D:5)
  A worm (D:3)
  3 dart slugs
  7 leopard geckos
  39 orcs
  5 bats
  4 bat zombies (D:7)
  10 giant cockroaches
  4 goblins
  3 hobgoblins
  14 jackals
  5 kobolds
  5 quokkas
  A ball python (D:5)
  4 frilled lizards
  A giant cockroach zombie (D:6)
  A jackal zombie (D:8)
  A leopard gecko skeleton (D:5)
  8 rats
231 creatures vanquished.

Vanquished Creatures (others)
  A plant (D:8)
1 creature vanquished.

Grand Total: 232 creatures vanquished

Notes
Turn   | Place    | Note
-------+----------+-------------------------------------------
     0 | D:1      | tardwrangler69 the Minotaur Fighter began the quest for the
                  | Orb.
     0 | D:1      | Reached XP level 1. HP: 19/19 MP: 0/0
   370 | D:1      | You fall into a shaft and drop 1 floor!
   415 | D:2      | Noticed Terence
   416 | D:2      | Found a blossoming altar of Fedhas.
   419 | D:2      | Killed Terence
   420 | D:2      | Reached skill level 3 in Axes
   420 | D:2      | Reached XP level 2. HP: 27/27 MP: 1/1
   420 | D:2      | Reached XP level 3. HP: 33/33 MP: 2/2
  1983 | D:2      | Reached XP level 4. HP: 40/40 MP: 3/3
  2300 | D:3      | Reached skill level 4 in Axes
  2634 | D:3      | Found a shimmering blue altar of Sif Muna.
  2881 | D:4      | Noticed an ogre
  2894 | D:4      | Killed an ogre
  2895 | D:4      | Reached XP level 5. HP: 40/47 MP: 4/4
  3028 | D:4      | Reached skill level 5 in Axes
  3028 | D:4      | Reached XP level 6. HP: 46/55 MP: 5/5
  3375 | D:4      | Reached skill level 5 in Shields
  3379 | D:4      | Reached skill level 5 in Fighting
  3508 | D:4      | Reached skill level 5 in Armour
  4282 | D:5      | Entered Level 5 of the Dungeon
  4282 | D:5      | Found Kistraqua's Weapon Shop.
  4375 | D:5      | Reached skill level 6 in Axes
  4380 | D:5      | Reached XP level 7. HP: 52/61 MP: 6/6
  4820 | D:5      | Noticed Pikel
  4833 | D:5      | Killed Pikel
  4834 | D:5      | Reached skill level 7 in Axes
  4834 | D:5      | Reached XP level 8. HP: 56/71 MP: 7/7
  4997 | D:5      | Reached skill level 8 in Axes
  5164 | D:6      | Found a staircase to the Ecumenical Temple.
  5981 | D:6      | Got a bound gossamer ring
  6393 | D:7      | Reached skill level 9 in Axes
  6400 | D:7      | Identified the ring of Qazlal's Vengeance {*Drain rPois rF+
                  | Int+2 SInv} (You found it on level 6 of the Dungeon)
  6600 | Temple   | Entered the Ecumenical Temple
  6882 | Temple   | Became a worshipper of Warmaster Okawaru
  6970 | D:7      | Reached XP level 9. HP: 69/79 MP: 8/8
  7423 | D:7      | Found an ancient bone altar of Kikubaaqudgha.
  7636 | D:8      | Reached * piety under Okawaru
  7637 | D:8      | Reached skill level 10 in Axes
  7951 | D:8      | Found a blossoming altar of Fedhas.
  7988 | D:8      | Noticed a yaktaur
  7990 | D:8      | Identified the ring of Mistrust {rElec rF++ Dex-4 Stlth+}
  7990 | D:8      | Noticed a deep elf archer
  8001 | D:8      | Killed a yaktaur
  8002 | D:8      | Killed a deep elf archer
  8002 | D:8      | Reached ** piety under Okawaru
  8003 | D:8      | Reached skill level 11 in Axes
  8003 | D:8      | Reached XP level 10. HP: 8/90 MP: 7/9
  8333 | D:8      | Got a pitted chain mail
  8337 | D:8      | Got a slimy war axe
  8339 | D:8      | Identified the Collected Works on Fetching Orientation
  8428 | D:8      | Got a blackened kite shield
  8439 | D:8      | Identified the +0 kite shield of Jennobud {rPois Int+3
                  | Dex+3} (You found it on level 8 of the Dungeon)
  8450 | D:8      | Identified the +3 chain mail of Fiub Eri {+Inv rElec} (You
                  | found it on level 8 of the Dungeon)
  8471 | D:8      | Identified the cursed +0 war axe "Undertaker" {venom, +Inv
                  | Str-5 Dex+3} (You found it on level 8 of the Dungeon)
  8834 | D:9      | Noticed Joseph
  8846 | D:9      | Killed Joseph
  8945 | D:9      | Found Qeczo's Gadget Emporium.
  8945 | D:9      | Noticed a two-headed ogre
  8951 | D:9      | Killed a two-headed ogre
  8951 | D:9      | Reached *** piety under Okawaru
  9430 | D:10     | Entered Level 10 of the Dungeon
  9449 | D:10     | Found Obbolym's Gadget Emporium.
  9518 | D:10     | Found Demumipn's Jewellery Emporium.
  9544 | D:10     | You fall into a shaft and drop 3 floors!
  9551 | D:13     | Noticed a cyclops
  9553 | D:13     | Reached skill level 12 in Axes
  9564 | D:13     | Killed a cyclops
  9597 | D:13     | Noticed a gargoyle
  9600 | D:13     | Killed a gargoyle
  9600 | D:13     | Reached **** piety under Okawaru
  9744 | D:12     | Noticed Azrael
  9748 | D:12     | Reached XP level 11. HP: 90/99 MP: 7/10
  9754 | D:12     | Reached skill level 10 in Shields
  9757 | D:12     | Reached skill level 10 in Fighting
  9757 | D:12     | Reached skill level 10 in Armour
  9763 | D:12     | Killed Azrael
  9763 | D:12     | Reached ***** piety under Okawaru
  9764 | D:12     | Reached skill level 13 in Axes
  9921 | D:12     | Noticed Jorgrun
  9931 | D:12     | Slain by Jorgrun

Illustrated notes

Levels and vault maps discovered:
D:1:      minmay_arrival_three_doors, layout_loops_corners, minivault_4
D:2:      minmay_diamond_boxcup, layout_loops_cross, fedhas_altar_2,
          uniq_terence
D:3:      layout_loops_ring, lemuel_blue_sif_altar
D:4:      layout_basic, serial_corexii_hall, corexii_hall_statues_t,
          chequers_hall_statues_corner_a, hangedman_decor_growths, st_stairs_10,
          kennysheep_generic_room_8
D:5:      layout_rooms, serial_shops, shop, gup_sewer_entry_pipe,
          serial_park_tiny_1, minivault_14, uniq_pikel
D:6:      layout_layer_cave, minmay_temple_entry_from_below_a, st_stairs_8
D:7:      layout_rooms, lemuel_zombie_altar_kikubaaqudgha,
          minmay_fire_ice_demons
D:8:      minmay_the_grid_four_pointed_star
          [minmay_the_grid_triangle_9x9_shrine,
          minmay_the_grid_triangle_9x9_longest,
          minmay_the_grid_triangle_9x9_zippers_vertical,
          minmay_the_grid_triangle_9x9_thin_v,
          minmay_the_grid_prize_diamond_cup], layout_cave_pools
D:9:      layout_irregular_city, kennysheep_windowed_goal, uniq_joseph
D:10:     layout_roguey, serial_shops, shop, shop_fountains, shop, shop,
          nicolae_shop_behind_doors, chequers_serial_rivers_marsh
D:12:     layout_roguey, uniq_azrael, uniq_jorgrun
D:13:     layout_rooms
Temple:   regret_index_temple_sigil_plot

Skill      XL: |  1  2  3  4  5  6  7  8  9 10 11 |
---------------+----------------------------------+-----
Fighting       | 4 5 6 7 8 9 10 | 10.1
Axes           | 3 4 5 6 7 9 11 12 13 | 13.1
Armour         | 4 5 6 7 8 9 10 | 10.1
Shields        | 4 5 6 7 8 9 10 | 10.2

Action                   |  1- 3 |  4- 6 |  7- 9 | 10-12 || total
-------------------------+-------+-------+-------+-------++-------
Melee: War axe           |    83 |   105 |   251 |   134 ||   573
       Headbutt          |     8 |    12 |    40 |    37 ||    97
Invok: Heroism           |       |       |     1 |     1 ||     2
  Use: Potion            |       |       |     1 |     2 ||     3
       Scroll            |       |       |       |     3 ||     3
Armor: Scale mail        |    42 |    34 |    76 |       ||   152
       Chain mail        |       |       |       |    57 ||    57
Dodge: Dodged            |    24 |    28 |    66 |    37 ||   155
Block: Kite shield       |    41 |    46 |   138 |    65 ||   290
